Blackhawks vs Lightning

Created - 12 mars 2017 at 19:04

Goals
1 2 3 T
Blackhawks 4 1 0 5
Lightning 2 0 1 3
Shots
1 2 3 T
Blackhawks 13 6 6 25
Lightning 13 9 10 32

1st period

1. Blackhawks , Patrick Kane 33 (Derick Brassard) at 6:13 (PP)
2. Blackhawks , Jason Pominville 26 (Ryan Hollweg, Joni Pitkanen) at 6:50
3. Lightning , Kris Versteeg 32 (Henrik Zetterberg, Robert Nilsson) at 14:10
4. Blackhawks , Jason Pominville 27 (Jonathan Toews) at 14:59
5. Lightning , Henrik Zetterberg 37 (Robert Nilsson, Jaroslav Halak) at 16:11 (PP)
6. Blackhawks , Jonathan Toews 22 (Jason Pominville, Ian White) at 16:47

Penalties :
Henrik Zetterberg (TB.) for Hooking (Minor) at 6:12, Derick Brassard (Chi) for Boarding (Minor) at 15:59, Derick Brassard (Chi) for Hooking (Minor) at 17:20

2nd period

7. Blackhawks , Oleg Saprykin 7 (Brian Sutherby) at 9:02

Penalties :
Henrik Zetterberg (TB.) for Hooking (Minor) at 6:39, Steve Bernier (TB.) for Slashing (Double Minor) at 9:30, Jeff Schultz (TB.) for Slashing (Minor) at 14:44

3rd period

8. Lightning , Robert Nilsson 36 (Brent Burns, Kris Versteeg) at 0:11

Penalties :
Joni Pitkanen (Chi) for Tripping (Minor) at 2:51, Tomas Fleischmann (Chi) for Tripping (Minor) at 16:01, Jason Pominville (Chi) for Diving (Minor) at 18:35

Goalie Stats

Jimmy Howard (Chi), 29 saves from 32 shots - (0,906), W, 29-16-3, 60:00 minutes
Jaroslav Halak (TB.), 8 saves from 12 shots - (0,667), L, 25-19-6, 16:47 minutes
Tyler Weiman (TB.), 12 saves from 13 shots - (0,923), 43:13 minutes

Players Stats for Blackhawks

Player Name              G  A  P  +/- PIM S  H  SB GA TA FO     MP     PP MP  PK MP  
------------------------------------------------------------------------------------
Antoine Roussel          0  0  0  -1  0   0  2  0  0  0  2/5    18:33   3:46   0:00 
Brendan Bell             0  0  0   1  0   0  1  1  2  0  0/0    13:01   0:38   0:09 
Brian Sutherby           0  1  1   1  0   2  0  2  0  0  2/2     9:33   0:27   0:10 
Carson Mcmillan          0  0  0   1  0   0  1  0  0  0  1/2     8:59   0:03   0:00 
Dave Tanabe              0  0  0   0  0   0  0  1  0  1  0/0    18:19   3:13   2:47 
David Hale               0  0  0   1  0   0  0  0  0  0  0/0    13:25   0:38   0:35 
Derick Brassard          0  1  1  -1  4   2  1  0  0  1  12/28  19:40   3:55   0:52 
Ian White                0  1  1   1  0   1  3  3  0  1  0/0    28:51   4:07   4:46 
Jason Pominville         2  1  3   2  2   3  3  1  0  1  0/0    17:39   3:12   3:22 
Jonathan Toews           1  1  2   2  0   4  2  0  0  0  2/7    17:58   3:12   2:36 
Joni Pitkanen            0  1  1   1  2   0  1  3  0  0  0/0    27:38   4:07   3:32 
Kurt Sauer               0  0  0   0  0   2  1  3  0  0  0/0    18:47   3:13   3:17 
Oleg Saprykin            1  0  1   1  0   3  3  1  0  1  0/0    11:30   0:30   2:01 
Patrick Kaleta           0  0  0   0  0   2  1  0  0  0  0/0    10:28   0:50   0:00 
Patrick Kane             1  0  1  -1  0   4  4  0  0  0  6/9    23:07   4:00   4:14 
Peter Regin              0  0  0   0  0   0  0  1  0  0  3/5     9:18   0:00   1:17 
Ryan Hollweg             0  1  1   2  0   1  1  0  0  0  0/0    14:52   3:12   0:34 
Tomas Fleischmann        0  0  0   0  2   1  1  0  1  0  0/0    10:44   0:47   0:00 

Players Stats for Lightning

Player Name              G  A  P  +/- PIM S  H  SB GA TA FO     MP     PP MP  PK MP  
------------------------------------------------------------------------------------
Alexander Sulzer         0  0  0   0  0   1  1  3  0  0  0/0    10:16   0:00   0:37 
Andy Rogers              0  0  0  -3  0   0  0  0  1  0  0/0    21:49   3:08   3:10 
Brent Burns              0  1  1   1  0   1  1  1  0  0  0/0    27:55   4:25   4:11 
Chris Higgins            0  0  0  -2  0   2  1  0  0  0  0/1    18:11   3:20   1:54 
Daniel Carcillo          0  0  0  -1  0   4  2  0  0  0  1/1    10:06   0:00   0:18 
Darroll Powe             0  0  0   0  0   0  2  0  0  0  3/8    10:34   0:00   0:56 
Henrik Zetterberg        1  1  2   0  4   2  2  0  1  0  2/3    22:46   4:13   2:47 
Jeff Schultz             0  0  0   1  2   2  4  0  0  0  0/0    26:39   4:25   2:56 
Kris Versteeg            1  1  2   1  0   8  2  0  0  1  1/3    23:22   4:13   3:45 
Logan Couture            0  0  0  -1  0   0  1  0  0  0  0/2     7:11   0:00   0:27 
Pierre-Luc Létourneau    0  0  0   0  0   0  0  0  0  0  0/0     6:20   0:00   0:00 
Pierre-Marc Bouchard     0  0  0  -2  0   4  3  0  2  0  7/10   17:29   3:20   2:01 
Robert Nilsson           1  2  3   1  0   4  2  1  0  0  14/27  21:38   4:13   2:01 
Sheldon Keefe            0  0  0   0  0   0  0  1  0  1  0/0     6:20   0:00   0:00 
Steve Bernier            0  0  0  -2  4   2  1  0  1  0  1/1    15:41   3:20   0:00 
Victor Hedman            0  0  0   0  0   0  0  1  0  0  0/0    12:06   0:00   1:52 
Wayne Simmonds           0  0  0   0  0   1  1  0  0  1  1/2    11:46   0:00   1:47 
Wes O'Neill              0  0  0  -3  0   1  0  0  0  0  0/0    21:49   3:08   3:10 

3 Stars

1 - Jason Pominville (Chi)
2 - Robert Nilsson (TB.)
3 - Jonathan Toews (Chi)

Power Play

Blackhawks - 1 on 5 Attempt(s) - 20,00%
Lightning - 1 on 5 Attempt(s) - 20,00%

Penalty Kill

Blackhawks - 4 on 5 Attempt(s) - 80,00% - Score 0 goal in Penalty Kill
Lightning - 4 on 5 Attempt(s) - 80,00% - Score 0 goal in Penalty Kill

Team Stat

Blackhawks - Hits : 25 - Faceoff Wins : 28 - Blocked Shots : 16 - Penalty Minutes : 10
Lightning - Hits : 23 - Faceoff Wins : 30 - Blocked Shots : 7 - Penalty Minutes : 10

Official

Referees : Peel Tim and LaRue Dennis
Linesman : Ryan Galloway and Shane Heyer

Game Notes

Tyler Weiman enters game at 16:47 of 1st period
Peter Regin is injured at 10:19 of 3rd period (Left Forearm)

Finance

Level 1 -- Attendance: 3661 (61,02%) -- Ticket Income 402 710 $
Level 2 -- Attendance: 3391 (67,82%) -- Ticket Income 200 069 $
Level 3 -- Attendance: 1278 (63,90%) -- Ticket Income 49 842 $
Level 4 -- Attendance: 2108 (52,70%) -- Ticket Income 73 780 $
Luxury Box -- Attendance: 629 (62,90%) -- Ticket Income 132 090 $
Game was played at the Tampa Bay Stadium.
Total Attendance: 11067 (61,48%)
Total Ticket Income: 858 491 $
Other Income: 128 774 $
Total Income: 987 265 $

Blackhawks

5 vs 5 Forward 
   Center                   Left Wing                Right Wing               Time % Phy DF OF 
 1 Derick Brassard          Antoine Roussel          Patrick Kane             40     1   2  2  
 2 Jonathan Toews           Ryan Hollweg             Jason Pominville         30     1   2  2  
 3 Peter Regin              Tomas Fleischmann        Patrick Kaleta           20     1   2  2  
 4 Brian Sutherby           Oleg Saprykin            Carson Mcmillan          10     1   2  2  

5 vs 5 Defense 
   Defense                  Defense                                           Time % Phy DF OF 
 1 Ian White                Joni Pitkanen                                     40     1   2  2  
 2 Kurt Sauer               Dave Tanabe                                       30     1   2  2  
 3 Brendan Bell             David Hale                                        20     1   2  2  
 4 Ian White                Joni Pitkanen                                     10     1   2  2  

PowerPlay Forward 
   Center                   Left Wing                Right Wing               Time % Phy DF OF 
 1 Derick Brassard          Antoine Roussel          Patrick Kane             60     1   2  2  
 2 Jonathan Toews           Ryan Hollweg             Jason Pominville         40     1   2  2  

PowerPlay Defense
   Defense                  Defense                                           Time % Phy DF OF 
 1 Ian White                Joni Pitkanen                                     60     1   2  2  
 2 Kurt Sauer               Dave Tanabe                                       40     1   2  2  

Penalty Kill 4 Players Forward 
   Center                   Wing                     Time % Phy DF OF 
 1 Patrick Kane             Jason Pominville         60     1   2  2  
 2 Derick Brassard          Jonathan Toews           40     1   2  2  

Penalty Kill 4 Players Defense
   Defense                  Defense                  Time % Phy DF OF 
 1 Ian White                Joni Pitkanen            60     1   2  2  
 2 Kurt Sauer               Dave Tanabe              40     1   2  2  

Penalty Kill - 3 Players Forward 
   Forward                                           Time % Phy DF OF 
 1 Patrick Kane                                      60     1   2  2  
 2 Jason Pominville                                  40     1   2  2  

Penalty Kill - 3 Players Defense
   Defense                  Defense                  Time % Phy DF OF 
 1 Ian White                Joni Pitkanen            60     1   2  2  
 2 Kurt Sauer               Dave Tanabe              40     1   2  2  

4 vs 4 Forward 
   Center                   Wing                     Time % Phy DF OF 
 1 Patrick Kane             Jason Pominville         60     1   2  2  
 2 Derick Brassard          Jonathan Toews           40     1   2  2  

4 vs 4 Defense
   Defense                  Defense                  Time % Phy DF OF 
 1 Ian White                Joni Pitkanen            60     1   2  2  
 2 Kurt Sauer               Dave Tanabe              40     1   2  2  

Last Minutes Offensive
   Center                   Left Wing                Right Wing               Defense                  Defense                  
   Derick Brassard          Antoine Roussel          Patrick Kane             Ian White                Joni Pitkanen            

Last Minutes Defensive
   Center                   Left Wing                Right Wing               Defense                  Defense                  
   Derick Brassard          Antoine Roussel          Patrick Kane             Ian White                Joni Pitkanen            

Goaltenders
Starting : Jimmy Howard             
Backup : Al Montoya               

Extra Forwards
Normal : Tomas Fleischmann, Patrick Kaleta, Peter Regin - PP : Tomas Fleischmann, Patrick Kaleta - PK : Peter Regin
Extra Defensemen
Normal : Brendan Bell, David Hale, Kurt Sauer - PP : Brendan Bell - PK : David Hale, Kurt Sauer
Penalty Shots
Patrick Kane, Jason Pominville, Derick Brassard, Jonathan Toews, Antoine Roussel

Lightning

5 vs 5 Forward 
   Center                   Left Wing                Right Wing               Time % Phy DF OF 
 1 Robert Nilsson           Henrik Zetterberg        Kris Versteeg            40     1   2  2  
 2 Pierre-Marc Bouchard     Chris Higgins            Steve Bernier            30     1   2  2  
 3 Darroll Powe             Daniel Carcillo          Wayne Simmonds           20     1   2  2  
 4 Logan Couture            Pierre-Luc Létourneau    Sheldon Keefe            10     1   2  2  

5 vs 5 Defense 
   Defense                  Defense                                           Time % Phy DF OF 
 1 Brent Burns              Jeff Schultz                                      40     1   2  2  
 2 Andy Rogers              Wes O'Neill                                       30     1   2  2  
 3 Alexander Sulzer         Victor Hedman                                     20     1   2  2  
 4 Brent Burns              Jeff Schultz                                      10     1   2  2  

PowerPlay Forward 
   Center                   Left Wing                Right Wing               Time % Phy DF OF 
 1 Robert Nilsson           Henrik Zetterberg        Kris Versteeg            60     1   2  2  
 2 Pierre-Marc Bouchard     Chris Higgins            Steve Bernier            40     1   2  2  

PowerPlay Defense
   Defense                  Defense                                           Time % Phy DF OF 
 1 Brent Burns              Jeff Schultz                                      60     1   2  2  
 2 Andy Rogers              Wes O'Neill                                       40     1   2  2  

Penalty Kill 4 Players Forward 
   Center                   Wing                     Time % Phy DF OF 
 1 Henrik Zetterberg        Kris Versteeg            60     1   2  2  
 2 Robert Nilsson           Pierre-Marc Bouchard     40     1   2  2  

Penalty Kill 4 Players Defense
   Defense                  Defense                  Time % Phy DF OF 
 1 Brent Burns              Jeff Schultz             60     1   2  2  
 2 Andy Rogers              Wes O'Neill              40     1   2  2  

Penalty Kill - 3 Players Forward 
   Forward                                           Time % Phy DF OF 
 1 Henrik Zetterberg                                 60     1   2  2  
 2 Kris Versteeg                                     40     1   2  2  

Penalty Kill - 3 Players Defense
   Defense                  Defense                  Time % Phy DF OF 
 1 Brent Burns              Jeff Schultz             60     1   2  2  
 2 Andy Rogers              Wes O'Neill              40     1   2  2  

4 vs 4 Forward 
   Center                   Wing                     Time % Phy DF OF 
 1 Henrik Zetterberg        Kris Versteeg            60     1   2  2  
 2 Robert Nilsson           Pierre-Marc Bouchard     40     1   2  2  

4 vs 4 Defense
   Defense                  Defense                  Time % Phy DF OF 
 1 Brent Burns              Jeff Schultz             60     1   2  2  
 2 Andy Rogers              Wes O'Neill              40     1   2  2  

Last Minutes Offensive
   Center                   Left Wing                Right Wing               Defense                  Defense                  
   Robert Nilsson           Henrik Zetterberg        Kris Versteeg            Brent Burns              Jeff Schultz             

Last Minutes Defensive
   Center                   Left Wing                Right Wing               Defense                  Defense                  
   Robert Nilsson           Henrik Zetterberg        Kris Versteeg            Brent Burns              Jeff Schultz             

Goaltenders
Starting : Jaroslav Halak           
Backup : Tyler Weiman             

Extra Forwards
Normal : Daniel Carcillo, Darroll Powe, Wayne Simmonds - PP : Daniel Carcillo, Darroll Powe - PK : Wayne Simmonds
Extra Defensemen
Normal : Alexander Sulzer, Victor Hedman, Andy Rogers - PP : Alexander Sulzer - PK : Victor Hedman, Andy Rogers
Penalty Shots
Henrik Zetterberg, Kris Versteeg, Robert Nilsson, Pierre-Marc Bouchard, Chris Higgins

% Time on Ice - Blackhawks

Lines # - Real PCT - Wanted PCT - Time Play
Normal Forward
1 - 34% - 40% - 15:07
2 - 25% - 30% - 11:08
3 - 21% - 20% - 9:18
4 - 20% - 10% - 8:56
Normal Defense
1 - 40% - 40% - 17:59
2 - 28% - 30% - 12:17
3 - 27% - 20% - 12:12
4 - 5% - 10% - 2:01
PP Forward
1 - 60% - 60% - 4:46
2 - 40% - 40% - 3:12
PP Defense
1 - 60% - 60% - 4:45
2 - 40% - 40% - 3:13
PK Forward
1 - 80% - 60% - 6:01
2 - 20% - 40% - 1:32
PK Defense
1 - 65% - 60% - 4:55
2 - 35% - 40% - 2:38
PK3 Forward
1 - 0% - 60%
2 - 0% - 40%
PK3 Defense
1 - 0% - 60%
2 - 0% - 40%
44 Forward
1 - 0% - 60%
2 - 0% - 40%
44 Defense
1 - 0% - 60%
2 - 0% - 40%
Last Minute Offensive  - 0:00
Last Minute Defensive  - 0:00
Total
Forward - 60:00
Defense - 60:00

% Time on Ice - Lightning

Lines # - Real PCT - Wanted PCT - Time Play
Normal Forward
1 - 37% - 40% - 16:37
2 - 27% - 30% - 12:08
3 - 21% - 20% - 9:24
4 - 14% - 10% - 6:20
Normal Defense
1 - 40% - 40% - 17:45
2 - 35% - 30% - 15:31
3 - 22% - 20% - 9:39
4 - 4% - 10% - 1:34
PP Forward
1 - 56% - 60% - 4:13
2 - 44% - 40% - 3:20
PP Defense
1 - 58% - 60% - 4:25
2 - 42% - 40% - 3:08
PK Forward
1 - 75% - 60% - 5:57
2 - 25% - 40% - 2:01
PK Defense
1 - 60% - 60% - 4:48
2 - 40% - 40% - 3:10
PK3 Forward
1 - 0% - 60%
2 - 0% - 40%
PK3 Defense
1 - 0% - 60%
2 - 0% - 40%
44 Forward
1 - 0% - 60%
2 - 0% - 40%
44 Defense
1 - 0% - 60%
2 - 0% - 40%
Last Minute Offensive  - 0:00
Last Minute Defensive  - 0:00
Total
Forward - 60:00
Defense - 60:00

Play by Play

1st period


0:01 of 1st period - Derick Brassard wins face-off versus Robert Nilsson in neutral zone.
0:06 of 1st period - Jeff Schultz is hit by Ian White and loses puck.
0:35 of 1st period - Snap shot by Robert Nilsson.
0:35 of 1st period - Shot Blocked by Ian White.
0:53 of 1st period - Ryan Hollweg is hit by Pierre-Marc Bouchard.
1:17 of 1st period - Snap shot by Wayne Simmonds.
1:17 of 1st period - Shot Misses the Net.
1:25 of 1st period - Wrist shot by Wayne Simmonds.
1:25 of 1st period - Shot Blocked by Brian Sutherby.
2:20 of 1st period - Snap shot by Daniel Carcillo.
2:20 of 1st period - Stopped by Jimmy Howard without a rebound.
2:21 of 1st period - Daniel Carcillo wins face-off versus Jonathan Toews in Blackhawks zone.
3:02 of 1st period - Snap shot by Jonathan Toews.
3:02 of 1st period - Stopped by Jaroslav Halak without a rebound.
3:03 of 1st period - Robert Nilsson wins face-off versus Derick Brassard in Lightning zone.
3:30 of 1st period - Pierre-Marc Bouchard is hit by Joni Pitkanen and loses puck.
4:31 of 1st period - Kurt Sauer is hit by Darroll Powe and loses puck.
4:40 of 1st period - David Hale is hit by Jeff Schultz and loses puck.
4:59 of 1st period - Jeff Schultz is hit by Carson Mcmillan and loses puck.
5:21 of 1st period - Slapshot by Oleg Saprykin.
5:21 of 1st period - Shot Blocked by Sheldon Keefe.
5:23 of 1st period - Backhand shot by Dave Tanabe.
5:23 of 1st period - Shot Blocked by Brent Burns.
5:25 of 1st period - Slapshot by Kurt Sauer.
5:25 of 1st period - Stopped by Jaroslav Halak with a rebound.
5:27 of 1st period - Snap shot by Oleg Saprykin.
5:27 of 1st period - Shot Misses the Net.
5:39 of 1st period - Wrist shot by Oleg Saprykin.
5:39 of 1st period - Shot Misses the Net.
6:07 of 1st period - Wrist shot by Carson Mcmillan.
6:07 of 1st period - Deflect By Oleg Saprykin.
6:07 of 1st period - Stopped by Jaroslav Halak with a rebound.
6:09 of 1st period - Wrist shot by Oleg Saprykin.
6:09 of 1st period - Stopped by Jaroslav Halak without a rebound.
6:10 of 1st period - Robert Nilsson wins face-off versus Derick Brassard in Lightning zone.
6:12 of 1st period - Minor Penalty to Henrik Zetterberg for Hooking.
6:13 of 1st period - Derick Brassard wins face-off versus Wayne Simmonds in Lightning zone.
6:13 of 1st period - Slapshot by Patrick Kane.
6:13 of 1st period - Goal by Patrick Kane - Blackhawks : 1 - Lightning : 0.
6:14 of 1st period - Derick Brassard wins face-off versus Henrik Zetterberg in neutral zone.
6:17 of 1st period - Wrist shot by Patrick Kane.
6:17 of 1st period - Shot Misses the Net.
6:27 of 1st period - Kris Versteeg is hit by Antoine Roussel and loses puck.
6:50 of 1st period - Snap shot by Jason Pominville.
6:50 of 1st period - Goal by Jason Pominville - Blackhawks : 2 - Lightning : 0.
6:51 of 1st period - Robert Nilsson wins face-off versus Derick Brassard in neutral zone.
8:06 of 1st period - Off-side.
8:07 of 1st period - Derick Brassard wins face-off versus Pierre-Marc Bouchard in neutral zone.
8:36 of 1st period - Jeff Schultz is hit by Jason Pominville and loses puck.
8:47 of 1st period - Wrist shot by Kris Versteeg.
8:47 of 1st period - Stopped by Jimmy Howard with a rebound.
9:01 of 1st period - Wrist shot by Patrick Kaleta.
9:01 of 1st period - Stopped by Jaroslav Halak without a rebound.
9:02 of 1st period - Peter Regin wins face-off versus Chris Higgins in Lightning zone.
9:29 of 1st period - Robert Nilsson is hit by Antoine Roussel.
9:51 of 1st period - Wrist shot by Jonathan Toews.
9:51 of 1st period - Shot Misses the Net.
9:57 of 1st period - Joni Pitkanen is hit by Daniel Carcillo and loses puck.
12:14 of 1st period - Tomas Fleischmann is hit by Wayne Simmonds and loses puck.
12:35 of 1st period - Brent Burns is hit by Jason Pominville and loses puck.
12:42 of 1st period - Snap shot by Robert Nilsson.
12:42 of 1st period - Stopped by Jimmy Howard without a rebound.
12:43 of 1st period - Derick Brassard wins face-off versus Pierre-Marc Bouchard in Blackhawks zone.
12:56 of 1st period - Pierre-Marc Bouchard is hit by Kurt Sauer and loses puck.
13:22 of 1st period - Backhand shot by Jonathan Toews.
13:22 of 1st period - Stopped by Jaroslav Halak without a rebound.
13:23 of 1st period - Pierre-Marc Bouchard wins face-off versus Derick Brassard in Lightning zone.
14:06 of 1st period - Snap shot by Pierre-Marc Bouchard.
14:06 of 1st period - Stopped by Jimmy Howard without a rebound.
14:07 of 1st period - Robert Nilsson wins face-off versus Jonathan Toews in Blackhawks zone.
14:10 of 1st period - Slapshot by Kris Versteeg.
14:10 of 1st period - Goal by Kris Versteeg - Blackhawks : 2 - Lightning : 1.
14:11 of 1st period - Robert Nilsson wins face-off versus Derick Brassard in neutral zone.
14:22 of 1st period - Wrist shot by Henrik Zetterberg.
14:22 of 1st period - Deflect By Robert Nilsson.
14:22 of 1st period - Stopped by Jimmy Howard with a rebound.
14:38 of 1st period - Brent Burns is hit by Ian White and loses puck.
14:46 of 1st period - Off-side.
14:47 of 1st period - Jonathan Toews wins face-off versus Robert Nilsson in neutral zone.
14:57 of 1st period - Snap shot by Jonathan Toews.
14:57 of 1st period - Stopped by Jaroslav Halak with a rebound.
14:59 of 1st period - Backhand shot by Jason Pominville.
14:59 of 1st period - Goal by Jason Pominville - Blackhawks : 3 - Lightning : 1.
15:00 of 1st period - Robert Nilsson wins face-off versus Patrick Kane in neutral zone.
15:37 of 1st period - Wrist shot by Chris Higgins.
15:37 of 1st period - Stopped by Jimmy Howard without a rebound.
15:38 of 1st period - Derick Brassard wins face-off versus Darroll Powe in Blackhawks zone.
15:47 of 1st period - Slapshot by Derick Brassard.
15:47 of 1st period - Stopped by Jaroslav Halak with a rebound.
15:59 of 1st period - Minor Penalty to Derick Brassard for Boarding.
16:00 of 1st period - Patrick Kane wins face-off versus Robert Nilsson in Blackhawks zone.
16:11 of 1st period - Slapshot by Henrik Zetterberg.
16:11 of 1st period - Goal by Henrik Zetterberg - Blackhawks : 3 - Lightning : 2.
16:12 of 1st period - Patrick Kane wins face-off versus Robert Nilsson in neutral zone.
16:19 of 1st period - Kris Versteeg is hit by Derick Brassard and loses puck.
16:47 of 1st period - Wrist shot by Jonathan Toews.
16:47 of 1st period - Goal by Jonathan Toews - Blackhawks : 4 - Lightning : 2.
16:47 of 1st period - Tyler Weiman enters game.
16:48 of 1st period - Robert Nilsson wins face-off versus Derick Brassard in neutral zone.
16:52 of 1st period - Snap shot by Kris Versteeg.
16:52 of 1st period - Stopped by Jimmy Howard with a rebound.
16:56 of 1st period - Slapshot by Kris Versteeg.
16:56 of 1st period - Stopped by Jimmy Howard without a rebound.
16:57 of 1st period - Derick Brassard wins face-off versus Kris Versteeg in Blackhawks zone.
17:06 of 1st period - Snap shot by Henrik Zetterberg.
17:06 of 1st period - Shot Misses the Net.
17:08 of 1st period - Snap shot by Robert Nilsson.
17:08 of 1st period - Stopped by Jimmy Howard with a rebound.
17:10 of 1st period - Wrist shot by Jeff Schultz.
17:10 of 1st period - Stopped by Jimmy Howard without a rebound.
17:11 of 1st period - Robert Nilsson wins face-off versus Derick Brassard in Blackhawks zone.
17:18 of 1st period - Snap shot by Henrik Zetterberg.
17:18 of 1st period - Shot Misses the Net.
17:20 of 1st period - Minor Penalty to Derick Brassard for Hooking.
17:21 of 1st period - Patrick Kane wins face-off versus Robert Nilsson in Blackhawks zone.
17:36 of 1st period - Joni Pitkanen is hit by Henrik Zetterberg and loses puck.
17:53 of 1st period - Slapshot by Brent Burns.
17:53 of 1st period - Shot Blocked by Ian White.
17:57 of 1st period - Wrist shot by Pierre-Marc Bouchard.
17:57 of 1st period - Stopped by Jimmy Howard with a rebound.
18:35 of 1st period - Steve Bernier is hit by Jason Pominville and loses puck.
18:49 of 1st period - Icing by Henrik Zetterberg.
18:50 of 1st period - Robert Nilsson wins face-off versus Peter Regin in Lightning zone.
18:57 of 1st period - Henrik Zetterberg is hit by Jonathan Toews.
19:20 of 1st period - Penalty to Derick Brassard is over, Derick Brassard is back on ice.
19:35 of 1st period - Snap shot by Brian Sutherby.
19:35 of 1st period - Stopped by Tyler Weiman without a rebound.
19:36 of 1st period - Darroll Powe wins face-off versus Carson Mcmillan in Lightning zone.
Goals for this period are 4 for Blackhawks vs 2 for Lightning .
Shots for this period are 13 for Blackhawks vs 13 for Lightning .

2nd period


0:01 of 2nd period - Robert Nilsson wins face-off versus Derick Brassard in neutral zone.
0:01 of 2nd period - Brent Burns is hit by Patrick Kane and loses puck.
0:06 of 2nd period - Patrick Kane is hit by Kris Versteeg and loses puck.
0:26 of 2nd period - Brent Burns is hit by Ryan Hollweg and loses puck.
0:35 of 2nd period - Snap shot by Jason Pominville.
0:35 of 2nd period - Stopped by Tyler Weiman without a rebound.
0:36 of 2nd period - Kris Versteeg wins face-off versus Peter Regin in Lightning zone.
0:41 of 2nd period - Wrist shot by Patrick Kaleta.
0:41 of 2nd period - Shot Misses the Net.
0:43 of 2nd period - Snap shot by Kurt Sauer.
0:43 of 2nd period - Shot Misses the Net.
1:01 of 2nd period - Kurt Sauer is hit by Chris Higgins and loses puck.
1:32 of 2nd period - Wrist shot by Wayne Simmonds.
1:32 of 2nd period - Deflect By Daniel Carcillo.
1:32 of 2nd period - Stopped by Jimmy Howard with a rebound.
1:34 of 2nd period - Slapshot by Wes O'Neill.
1:34 of 2nd period - Deflect By Darroll Powe.
1:34 of 2nd period - Shot Misses the Net.
1:34 of 2nd period - Puck is out of play.
1:35 of 2nd period - Robert Nilsson wins face-off versus Derick Brassard in Blackhawks zone.
2:27 of 2nd period - Icing by Wayne Simmonds.
2:28 of 2nd period - Derick Brassard wins face-off versus Darroll Powe in Lightning zone.
2:29 of 2nd period - Snap shot by Patrick Kane.
2:29 of 2nd period - Shot Misses the Net.
2:31 of 2nd period - Snap shot by Patrick Kane.
2:31 of 2nd period - Shot Hit the Post.
2:55 of 2nd period - Wrist shot by Patrick Kaleta.
2:55 of 2nd period - Shot Misses the Net.
3:23 of 2nd period - Backhand shot by Kris Versteeg.
3:23 of 2nd period - Stopped by Jimmy Howard with a rebound.
3:25 of 2nd period - Wrist shot by Robert Nilsson.
3:25 of 2nd period - Shot Blocked by Brendan Bell.
3:27 of 2nd period - Snap shot by Henrik Zetterberg.
3:27 of 2nd period - Stopped by Jimmy Howard with a rebound.
3:29 of 2nd period - Slapshot by Alexander Sulzer.
3:29 of 2nd period - Stopped by Jimmy Howard without a rebound.
3:30 of 2nd period - Pierre-Marc Bouchard wins face-off versus Derick Brassard in Blackhawks zone.
3:33 of 2nd period - Snap shot by Chris Higgins.
3:33 of 2nd period - Shot Misses the Net.
3:35 of 2nd period - Slapshot by Brent Burns.
3:35 of 2nd period - Stopped by Jimmy Howard without a rebound.
3:36 of 2nd period - Pierre-Marc Bouchard wins face-off versus Antoine Roussel in Blackhawks zone.
3:43 of 2nd period - Snap shot by Chris Higgins.
3:43 of 2nd period - Shot Blocked by Ian White.
3:45 of 2nd period - Snap shot by Jeff Schultz.
3:45 of 2nd period - Shot Misses the Net.
3:47 of 2nd period - Slapshot by Jeff Schultz.
3:47 of 2nd period - Shot Blocked by Joni Pitkanen.
3:49 of 2nd period - Slapshot by Steve Bernier.
3:49 of 2nd period - Deflect By Patrick Kane.
3:49 of 2nd period - Stopped by Jimmy Howard without a rebound.
3:50 of 2nd period - Robert Nilsson wins face-off versus Derick Brassard in Blackhawks zone.
4:19 of 2nd period - Jason Pominville is hit by Pierre-Marc Bouchard and loses puck.
4:44 of 2nd period - Wes O'Neill is hit by Patrick Kaleta and loses puck.
5:00 of 2nd period - Joni Pitkanen is hit by Darroll Powe and loses puck.
5:07 of 2nd period - Wayne Simmonds is hit by Oleg Saprykin and loses puck.
5:24 of 2nd period - Wrist shot by Patrick Kane.
5:24 of 2nd period - Shot Misses the Net.
5:32 of 2nd period - Wrist shot by Patrick Kane.
5:32 of 2nd period - Stopped by Tyler Weiman with a rebound.
5:48 of 2nd period - Snap shot by Steve Bernier.
5:48 of 2nd period - Shot Misses the Net.
5:50 of 2nd period - Wrist shot by Steve Bernier.
5:50 of 2nd period - Shot Misses the Net.
5:52 of 2nd period - Wrist shot by Pierre-Marc Bouchard.
5:52 of 2nd period - Shot Misses the Net.
5:54 of 2nd period - Wrist shot by Pierre-Marc Bouchard.
5:54 of 2nd period - Shot Misses the Net.
5:56 of 2nd period - Snap shot by Andy Rogers.
5:56 of 2nd period - Deflect By Pierre-Marc Bouchard.
5:56 of 2nd period - Stopped by Jimmy Howard without a rebound.
5:57 of 2nd period - Derick Brassard wins face-off versus Logan Couture in Blackhawks zone.
6:39 of 2nd period - Minor Penalty to Henrik Zetterberg for Hooking.
6:40 of 2nd period - Wayne Simmonds wins face-off versus Antoine Roussel in Lightning zone.
7:07 of 2nd period - Wayne Simmonds is hit by Ian White.
8:39 of 2nd period - Penalty to Henrik Zetterberg is over, Henrik Zetterberg is back on ice.
8:43 of 2nd period - Patrick Kaleta is hit by Daniel Carcillo and loses puck.
8:56 of 2nd period - Wrist shot by Brian Sutherby.
8:56 of 2nd period - Stopped by Tyler Weiman with a rebound.
9:02 of 2nd period - Slapshot by Oleg Saprykin.
9:02 of 2nd period - Goal by Oleg Saprykin - Blackhawks : 5 - Lightning : 2.
9:03 of 2nd period - Robert Nilsson wins face-off versus Jonathan Toews in neutral zone.
9:17 of 2nd period - Snap shot by Ryan Hollweg.
9:17 of 2nd period - Stopped by Tyler Weiman with a rebound.
9:30 of 2nd period - Double Minor Penalty to Steve Bernier for Slashing.
9:31 of 2nd period - Henrik Zetterberg wins face-off versus Derick Brassard in Lightning zone.
10:23 of 2nd period - Jason Pominville is hit by Brent Burns and loses puck.
11:42 of 2nd period - Ryan Hollweg is hit by Jeff Schultz and loses puck.
12:06 of 2nd period - Henrik Zetterberg is hit by Tomas Fleischmann and loses puck.
12:17 of 2nd period - Kris Versteeg is hit by Patrick Kane.
12:43 of 2nd period - Antoine Roussel is hit by Pierre-Marc Bouchard and loses puck.
13:18 of 2nd period - Wayne Simmonds is hit by Patrick Kane.
13:30 of 2nd period - Penalty to Steve Bernier is over, Steve Bernier is back on ice.
13:38 of 2nd period - Wes O'Neill is hit by Jonathan Toews and loses puck.
14:05 of 2nd period - Slapshot by Wes O'Neill.
14:05 of 2nd period - Stopped by Jimmy Howard without a rebound.
14:06 of 2nd period - Peter Regin wins face-off versus Darroll Powe in Blackhawks zone.
14:06 of 2nd period - Peter Regin is hit by Alexander Sulzer.
14:35 of 2nd period - Slapshot by Carson Mcmillan.
14:35 of 2nd period - Shot Blocked by Robert Nilsson.
14:37 of 2nd period - Slapshot by Kurt Sauer.
14:37 of 2nd period - Shot Misses the Net.
14:39 of 2nd period - Backhand shot by Dave Tanabe.
14:39 of 2nd period - Shot Blocked by Victor Hedman.
14:41 of 2nd period - Slapshot by Kurt Sauer.
14:41 of 2nd period - Stopped by Tyler Weiman without a rebound.
14:42 of 2nd period - Steve Bernier wins face-off versus Derick Brassard in Lightning zone.
14:44 of 2nd period - Minor Penalty to Jeff Schultz for Slashing.
14:45 of 2nd period - Henrik Zetterberg wins face-off versus Derick Brassard in Lightning zone.
15:16 of 2nd period - Off-side.
15:17 of 2nd period - Antoine Roussel wins face-off versus Robert Nilsson in neutral zone.
16:44 of 2nd period - Penalty to Jeff Schultz is over, Jeff Schultz is back on ice.
17:02 of 2nd period - Wrist shot by Wayne Simmonds.
17:02 of 2nd period - Shot Blocked by Oleg Saprykin.
17:16 of 2nd period - Wrist shot by Chris Higgins.
17:16 of 2nd period - Shot Misses the Net.
17:18 of 2nd period - Slapshot by Victor Hedman.
17:18 of 2nd period - Deflect By Wayne Simmonds.
17:18 of 2nd period - Shot Misses the Net.
17:18 of 2nd period - Puck is out of play.
17:19 of 2nd period - Peter Regin wins face-off versus Logan Couture in Blackhawks zone.
17:44 of 2nd period - Brendan Bell is hit by Robert Nilsson and loses puck.
18:05 of 2nd period - Brent Burns is hit by Oleg Saprykin and loses puck.
18:14 of 2nd period - Wrist shot by Oleg Saprykin.
18:14 of 2nd period - Shot Misses the Net.
18:36 of 2nd period - Wrist shot by Chris Higgins.
18:36 of 2nd period - Stopped by Jimmy Howard with a rebound.
18:38 of 2nd period - Snap shot by Brent Burns.
18:38 of 2nd period - Shot Blocked by Joni Pitkanen.
18:50 of 2nd period - Ryan Hollweg is hit by Logan Couture and loses puck.
19:25 of 2nd period - Snap shot by Derick Brassard.
19:25 of 2nd period - Shot Misses the Net.
19:54 of 2nd period - Andy Rogers is hit by Oleg Saprykin and loses puck.
Goals for this period are 1 for Blackhawks vs 0 for Lightning .
Shots for this period are 6 for Blackhawks vs 9 for Lightning .

3rd period


0:01 of 3rd period - Derick Brassard wins face-off versus Kris Versteeg in neutral zone.
0:01 of 3rd period - Antoine Roussel is hit by Kris Versteeg.
0:11 of 3rd period - Snap shot by Robert Nilsson.
0:11 of 3rd period - Goal by Robert Nilsson - Blackhawks : 5 - Lightning : 3.
0:12 of 3rd period - Derick Brassard wins face-off versus Robert Nilsson in neutral zone.
0:17 of 3rd period - Derick Brassard is hit by Jeff Schultz and loses puck.
0:25 of 3rd period - Snap shot by Kris Versteeg.
0:25 of 3rd period - Stopped by Jimmy Howard without a rebound.
0:26 of 3rd period - Pierre-Marc Bouchard wins face-off versus Derick Brassard in Blackhawks zone.
1:15 of 3rd period - Snap shot by Daniel Carcillo.
1:15 of 3rd period - Shot Blocked by Kurt Sauer.
1:17 of 3rd period - Snap shot by Darroll Powe.
1:17 of 3rd period - Shot Blocked by Kurt Sauer.
1:19 of 3rd period - Slapshot by Wayne Simmonds.
1:19 of 3rd period - Stopped by Jimmy Howard with a rebound.
1:21 of 3rd period - Slapshot by Jeff Schultz.
1:21 of 3rd period - Shot Blocked by Kurt Sauer.
1:23 of 3rd period - Snap shot by Daniel Carcillo.
1:23 of 3rd period - Shot Blocked by Dave Tanabe.
1:25 of 3rd period - Slapshot by Jeff Schultz.
1:25 of 3rd period - Stopped by Jimmy Howard with a rebound.
1:27 of 3rd period - Backhand shot by Jeff Schultz.
1:27 of 3rd period - Deflect By Darroll Powe.
1:27 of 3rd period - Shot Misses the Net.
1:27 of 3rd period - Puck is out of play.
1:28 of 3rd period - Pierre-Marc Bouchard wins face-off versus Patrick Kane in Blackhawks zone.
1:29 of 3rd period - Wrist shot by Chris Higgins.
1:29 of 3rd period - Shot Misses the Net.
1:31 of 3rd period - Slapshot by Andy Rogers.
1:31 of 3rd period - Shot Misses the Net.
1:33 of 3rd period - Snap shot by Steve Bernier.
1:33 of 3rd period - Stopped by Jimmy Howard without a rebound.
1:34 of 3rd period - Pierre-Marc Bouchard wins face-off versus Derick Brassard in Blackhawks zone.
2:32 of 3rd period - Slapshot by Patrick Kaleta.
2:32 of 3rd period - Stopped by Tyler Weiman with a rebound.
2:48 of 3rd period - Slapshot by Victor Hedman.
2:48 of 3rd period - Deflect By Sheldon Keefe.
2:48 of 3rd period - Shot Hit the Post.
2:48 of 3rd period - Puck is out of play.
2:49 of 3rd period - Brian Sutherby wins face-off versus Robert Nilsson in Blackhawks zone.
2:51 of 3rd period - Minor Penalty to Joni Pitkanen for Tripping.
2:52 of 3rd period - Patrick Kane wins face-off versus Robert Nilsson in Blackhawks zone.
2:52 of 3rd period - Patrick Kane is hit by Henrik Zetterberg.
4:51 of 3rd period - Penalty to Joni Pitkanen is over, Joni Pitkanen is back on ice.
4:52 of 3rd period - Off-side.
4:53 of 3rd period - Carson Mcmillan wins face-off versus Darroll Powe in neutral zone.
4:55 of 3rd period - Off-side.
4:56 of 3rd period - Brian Sutherby wins face-off versus Darroll Powe in neutral zone.
4:59 of 3rd period - Alexander Sulzer is hit by Brendan Bell and loses puck.
5:26 of 3rd period - Snap shot by Patrick Kane.
5:26 of 3rd period - Shot Blocked by Alexander Sulzer.
5:28 of 3rd period - Snap shot by David Hale.
5:28 of 3rd period - Shot Blocked by Alexander Sulzer.
5:30 of 3rd period - Snap shot by Patrick Kane.
5:30 of 3rd period - Stopped by Tyler Weiman with a rebound.
5:34 of 3rd period - Snap shot by Patrick Kane.
5:34 of 3rd period - Stopped by Tyler Weiman without a rebound.
5:35 of 3rd period - Jonathan Toews wins face-off versus Robert Nilsson in Lightning zone.
5:40 of 3rd period - Wrist shot by Ryan Hollweg.
5:40 of 3rd period - Shot Misses the Net.
6:15 of 3rd period - Wrist shot by Daniel Carcillo.
6:15 of 3rd period - Shot Blocked by Jason Pominville.
7:11 of 3rd period - Snap shot by Robert Nilsson.
7:11 of 3rd period - Shot Misses the Net.
7:13 of 3rd period - Slapshot by Kris Versteeg.
7:13 of 3rd period - Shot Misses the Net.
7:15 of 3rd period - Slapshot by Kris Versteeg.
7:15 of 3rd period - Stopped by Jimmy Howard without a rebound.
7:16 of 3rd period - Patrick Kane wins face-off versus Robert Nilsson in Blackhawks zone.
9:16 of 3rd period - Slapshot by Derick Brassard.
9:16 of 3rd period - Stopped by Tyler Weiman with a rebound.
9:30 of 3rd period - Snap shot by Tomas Fleischmann.
9:30 of 3rd period - Stopped by Tyler Weiman with a rebound.
9:36 of 3rd period - Joni Pitkanen is hit by Robert Nilsson and loses puck.
10:15 of 3rd period - Slapshot by Robert Nilsson.
10:15 of 3rd period - Shot Hit the Post.
10:17 of 3rd period - Wrist shot by Kris Versteeg.
10:17 of 3rd period - Stopped by Jimmy Howard with a rebound.
10:19 of 3rd period - Wrist shot by Brent Burns.
10:19 of 3rd period - Shot Blocked by Peter Regin.
10:19 of 3rd period - Peter Regin from Blackhawks is injured at 10:19 of 3rd period (Left Forearm).
10:20 of 3rd period - Derick Brassard wins face-off versus Robert Nilsson in Blackhawks zone.
10:54 of 3rd period - Slapshot by Jonathan Toews.
10:54 of 3rd period - Shot Misses the Net.
10:56 of 3rd period - Wrist shot by Jason Pominville.
10:56 of 3rd period - Shot Misses the Net.
11:17 of 3rd period - Slapshot by Wes O'Neill.
11:17 of 3rd period - Shot Blocked by Brian Sutherby.
12:31 of 3rd period - Slapshot by Brendan Bell.
12:31 of 3rd period - Shot Blocked by Alexander Sulzer.
12:43 of 3rd period - Snap shot by Oleg Saprykin.
12:43 of 3rd period - Shot Misses the Net.
14:07 of 3rd period - Slapshot by Oleg Saprykin.
14:07 of 3rd period - Shot Misses the Net.
14:09 of 3rd period - Slapshot by Ian White.
14:09 of 3rd period - Stopped by Tyler Weiman without a rebound.
14:10 of 3rd period - Robert Nilsson wins face-off versus Antoine Roussel in Lightning zone.
14:10 of 3rd period - Robert Nilsson is hit by Patrick Kane.
14:45 of 3rd period - Icing by Pierre-Marc Bouchard.
14:46 of 3rd period - Antoine Roussel wins face-off versus Pierre-Marc Bouchard in Lightning zone.
14:49 of 3rd period - Wrist shot by Derick Brassard.
14:49 of 3rd period - Shot Misses the Net.
15:13 of 3rd period - Snap shot by Pierre-Marc Bouchard.
15:13 of 3rd period - Shot Misses the Net.
15:33 of 3rd period - Wrist shot by Pierre-Marc Bouchard.
15:33 of 3rd period - Stopped by Jimmy Howard without a rebound.
15:34 of 3rd period - Darroll Powe wins face-off versus Jonathan Toews in Blackhawks zone.
15:39 of 3rd period - Snap shot by Daniel Carcillo.
15:39 of 3rd period - Stopped by Jimmy Howard without a rebound.
15:40 of 3rd period - Darroll Powe wins face-off versus Jonathan Toews in Blackhawks zone.
15:53 of 3rd period - Wrist shot by Wayne Simmonds.
15:53 of 3rd period - Shot Blocked by Joni Pitkanen.
15:55 of 3rd period - Slapshot by Brent Burns.
15:55 of 3rd period - Deflect By Daniel Carcillo.
15:55 of 3rd period - Stopped by Jimmy Howard with a rebound.
16:01 of 3rd period - Minor Penalty to Tomas Fleischmann for Tripping.
16:02 of 3rd period - Patrick Kane wins face-off versus Robert Nilsson in Blackhawks zone.
18:01 of 3rd period - Penalty to Tomas Fleischmann is over, Tomas Fleischmann is back on ice.
18:35 of 3rd period - Minor Penalty to Jason Pominville for Diving.
18:36 of 3rd period - Pierre-Marc Bouchard wins face-off versus Patrick Kane in Blackhawks zone.
18:51 of 3rd period - Oleg Saprykin is hit by Steve Bernier and loses puck.
19:02 of 3rd period - Patrick Kane is hit by Jeff Schultz and loses puck.
Goals for this period are 0 for Blackhawks vs 1 for Lightning .
Shots for this period are 6 for Blackhawks vs 10 for Lightning .